Map: Port Aleksander LE

Players

ShoWTimE

  • Race: Protoss Protoss
  • League: Grandmaster
  • Spawn Location: 5:00

Elazer - Winner!

  • Race: Zerg Zerg
  • Spawn Location: 11:00

Event: 2019 WCS Winter Europe

VOD

Have the link to the VOD?

Description

Time

  • Played on: March 24, 2019, 10:32 a.m.
  • Length: 28:19

All games in this series

Show
View Real Time Build Order
Export as new Build Order

ShoWTimE Protoss 

Build Orders: 1 Gate Expand, Oracle Opening, Chargelot Immortal 

Get SALT Encoding   

  12  0:00  Probe  
  13  0:12  Probe  
  14  0:17  Pylon  
  14  0:24  Probe  
  15  0:32  Probe  
  15  0:39  Gateway  
  15  0:40  Probe  
  16  0:47  Assimilator  
  17  0:51  Probe  
  18  1:03  Probe  
  19  1:15  Probe  
  20  1:25  Nexus  
  20  1:36  Cybernetics Core  
  21  1:40  Probe  
  21  1:45  Assimilator  
  21  1:52  Probe  
  22  1:55  Pylon  
  22  2:03  Adept  
  22  2:04  Probe  
  23  2:13  Warp Gate  
  25  2:16  Probe  
  26  2:27  Stargate  
  26  2:28  Probe  
  27  2:30  Stalker  
  27  2:32  Pylon  
  27  2:40  Probe  
  27  2:43  Probe  
  31  2:48  Probe  
  31  2:55  Probe  
  31  2:58  Probe  
  34  3:08  Gateway  
  34  3:09  Oracle  
  34  3:10  Gateway  
  34  3:13  Probe  
  34  3:14  Probe  
  39  3:24  Adept  
  41  3:29  Pylon  
  41  3:31  Probe  
  41  3:33  Probe  
  43  3:37  Oracle  
  43  3:43  Pylon  
  43  3:46  Probe  
  43  3:47  Probe  
  48  3:58  Probe  
  48  3:59  Probe  
  50  4:03  Adept x3  
  50  4:07  Phoenix  
  56  4:10  Probe  
  56  4:11  Probe, Pylon  
  60  4:22  Probe  
  60  4:23  Assimilator, Probe  
  62  4:25  Assimilator  
  62  4:34  Probe  
  62  4:36  Probe  
  64  4:46  Probe  
  64  4:47  Robotics Facility  
  64  4:48  Probe  
  64  4:52  Twilight Council  
  66  4:58  Probe  
  67  5:00  Probe  
  67  5:05  Nexus  
  68  5:09  Pylon  
  68  5:10  Probe  
  68  5:12  Probe  
  70  5:19  Forge  
  70  5:22  Pylon  
  70  5:27  Probe x2  
  72  5:29  Immortal  
  72  5:34  Charge  
  72  5:38  Gateway  
  72  5:39  Probe x2  
  78  5:43  Sentry x3  
  78  5:45  Pylon  
  78  5:49  Protoss Ground Weapons Level 1  
  84  5:51  Probe x2  
  84  5:54  Shield Battery  
  86  6:03  Probe  
  86  6:04  Probe  
  86  6:08  Immortal  
  86  6:11  Sentry  
  87  6:16  Gateway  
  87  6:22  Gateway  
  87  6:23  Gateway  
  87  6:27  Gateway  
  87  6:30  Templar Archives  
  87  6:37  Immortal  
  87  6:45  Pylon  
  91  6:54  Zealot x4, Pylon  
  91  6:57  Pylon  
  91  7:01  Probe x2  
  101  7:02  Pylon  
  101  7:06  Assimilator  
  101  7:07  Assimilator  
  101  7:12  Warp Prism  
  101  7:21  Pylon  
  103  7:25  Zealot x4  
  103  7:26  Zealot x4  
  119  7:37  Pylon  
  119  7:39  Psionic Storm  
  119  7:42  Observer  
  120  7:54  High Templar x3  
  120  7:55  Zealot x2, High Templar  
  120  7:56  Zealot x2  
  136  8:00  Probe  
  136  8:02  Probe  
  138  8:13  Probe x2  
  138  8:17  Immortal, Pylon, Protoss Ground Weapons Level 2  
  144  8:24  Zealot x4  
  152  8:31  Zealot x2  
  156  8:35  Photon Cannon  
  156  8:36  Shield Battery  
  156  8:43  Pylon  
  156  8:46  Immortal  
  156  8:50  Zealot x4  
  160  9:00  Pylon  
  160  9:02  Pylon  
  160  9:10  Pylon  
  160  9:12  Robotics Facility  
  160  9:14  High Templar x4  
  160  9:15  Immortal  
  168  9:23  Zealot x4  
  179  9:39  Pylon  
  179  9:46  Immortal  
  179  9:50  Immortal  
  173  9:53  Zealot x4  
  173  9:59  Probe x2  
  183  10:06  Zealot x4  
  168  10:21  Zealot x4  
  171  10:32  Immortal  
  150  10:37  Immortal  
  143  10:48  Zealot x7  
  149  10:55  Probe x2  
  135  11:02  Probe  
  132  11:05  Immortal  
  132  11:09  High Templar x6  
  140  11:14  Zealot  
  140  11:15  Archon x3  
  118  11:26  Immortal  
  101  11:40  Zealot x2  
  101  11:41  Zealot x3  
  100  11:48  High Templar x2  
Show
View Real Time Build Order
Export as new Build Order

Elazer Zerg - Winner!

Build Orders: Hatch First 

Get SALT Encoding   

  12  0:00  Drone  
  13  0:12  Overlord  
  13  0:17  Drone  
  14  0:30  Drone x2  
  16  0:49  Hatchery  
  15  0:51  Drone  
  15  0:55  Drone  
  17  0:59  Drone  
  18  1:10  Extractor  
  17  1:15  Spawning Pool  
  17  1:18  Drone  
  17  1:21  Drone  
  18  1:28  Drone  
  19  1:38  Drone  
  20  1:50  Drone  
  21  2:00  Overlord  
  21  2:02  Queen x2  
  21  2:03  Zergling x2  
  26  2:11  Zergling x2  
  26  2:12  Drone  
  28  2:25  Drone x2  
  30  2:35  Drone x2  
  32  2:41  Queen  
  34  2:45  Hatchery  
  34  2:49  Overlord  
  33  2:52  Drone  
  33  2:54  Drone  
  33  2:55  Drone  
  36  3:09  Overlord  
  36  3:12  Drone x2  
  38  3:13  Drone x4  
  38  3:18  Queen  
  44  3:28  Drone x4  
  44  3:31  Spore Crawler  
  44  3:33  Spore Crawler  
  46  3:34  Drone  
  46  3:40  Drone x2  
  49  3:45  Drone x3  
  52  3:51  Overlord  
  52  3:56  Queen  
  52  3:58  Overlord  
  52  3:59  Drone  
  52  4:00  Drone  
  56  4:03  Drone x2  
  56  4:08  Spore Crawler  
  57  4:11  Roach Warren  
  57  4:14  Zergling x2  
  57  4:17  Extractor  
  57  4:18  Extractor  
  57  4:19  Evolution Chamber, Drone x3  
  57  4:24  Queen  
  57  4:30  Overlord  
  59  4:33  Evolution Chamber  
  59  4:34  Queen  
  59  4:37  Lair  
  58  4:44  Overlord  
  58  4:46  Zerg Missile Weapons Level 1  
  58  4:51  Roach x3  
  64  4:55  Drone x3  
  64  5:00  Roach  
  64  5:02  Roach  
  64  5:05  Overlord  
  68  5:12  Roach  
  68  5:13  Roach x2  
  74  5:18  Drone x3  
  75  5:22  Drone x2  
  75  5:23  Drone  
  75  5:26  Drone  
  79  5:30  Drone x3  
  79  5:32  Drone  
  79  5:34  Drone  
  79  5:35  Drone  
  82  5:38  Drone  
  82  5:41  Spore Crawler  
  82  5:42  Glial Reconstitution  
  82  5:45  Drone  
  82  5:47  Drone  
  82  5:48  Drone  
  85  5:52  Drone x2  
  85  5:53  Drone  
  85  5:54  Drone  
  88  5:59  Drone x3  
  88  6:02  Drone  
  90  6:05  Drone x2  
  87  6:11  Drone x3  
  87  6:14  Extractor  
  87  6:15  Hydralisk Den  
  87  6:16  Drone x2  
  90  6:18  Extractor  
  90  6:19  Overlord  
  90  6:22  Drone  
  90  6:25  Overlord  
  90  6:30  Extractor  
  89  6:36  Drone  
  89  6:37  Overlord  
  91  6:40  Drone x8  
  91  6:41  Zerg Missile Weapons Level 2  
  91  6:45  Overlord  
  91  6:46  Overlord  
  98  6:48  Muscular Augments  
  98  6:51  Hydralisk x2  
  102  6:55  Hydralisk x2  
  106  7:02  Drone  
  106  7:04  Hydralisk x4  
  114  7:11  Hydralisk x3  
  120  7:18  Overlord  
  120  7:24  Hatchery  
  120  7:26  Overlord  
  120  7:28  Hydralisk x2  
  123  7:38  Hydralisk x5  
  133  7:45  Roach x4  
  133  7:47  Ravager x4  
  133  7:49  Overlord  
  141  7:52  Roach  
  141  7:53  Roach  
  141  7:54  Overlord  
  141  7:56  Overlord  
  143  8:00  Overlord  
  143  8:07  Overseer  
  143  8:09  Hydralisk x4  
  151  8:24  Hydralisk  
  151  8:27  Hydralisk x4  
  153  8:29  Nydus Network  
  153  8:32  Roach x3  
  166  8:37  Roach x2  
  166  8:40  Overlord  
  170  8:46  Overlord  
  169  8:50  Drone x4  
  166  9:03  Hydralisk  
  166  9:04  Hydralisk x6  
  166  9:07  Overseer  
  166  9:09  Overseer  
  180  9:13  Roach x4  
  188  9:24  Hydralisk  
  188  9:26  Nydus Canal  
  190  9:41  Nydus Canal  
  186  9:49  Roach x5  
  183  10:01  Nydus Canal  
  183  10:05  Roach x3  
  183  10:06  Roach x3  
  187  10:15  Nydus Canal  
  187  10:17  Roach  
  187  10:19  Hydralisk x9  
  191  10:27  Hydralisk x2  
  191  10:28  Hydralisk x2  
  191  10:30  Nydus Canal  
  183  10:39  Hydralisk x4  
  183  10:40  Hydralisk x2  
  170  10:54  Overlord  
  170  10:56  Drone x4  
  149  11:00  Hydralisk  
  149  11:01  Hydralisk, Nydus Canal  
  149  11:02  Hydralisk x4  
  161  11:14  Hydralisk x4  
  155  11:22  Nydus Canal  
  155  11:24  Hydralisk x2  
  144  11:29  Hydralisk  
  144  11:31  Hydralisk  
  144  11:37  Hydralisk x2  
  136  11:40  Hydralisk  
  136  11:45  Hydralisk  
  122  11:54  Roach x7  
Tags
 
Add a new tag
Caveats
  • Supply blocks, unpowered buildings, or Contaminate may cause inaccurate times.
  • Supply counts are checked every 10 seconds.